 Dungeon Crawl Stone Soup version 0.31.0-32-g396128a36d (webtiles) character file.

Game seed: 17972969667057540534

62277 Minsecho the Covert (level 15, -9/88 HPs)
             Began as a Kobold Hexslinger on Mar 15, 2024.
             Was the Champion of Okawaru.
             Mangled by a skeletal warrior
             ... wielding a +0 halberd
              (27 damage)
             ... on level 11 of the Dungeon.
             The game lasted 01:02:28 (23067 turns).

Minsecho the Covert (Kobold Hexslinger)            Turns: 23067, Time: 01:02:28

Health: -9/88      AC: 15    Str:  8    XL:     15   Next: 45%
Magic:  20/22      EV: 24    Int: 11    God:    Okawaru [******]
Gold:   952        SH:  6    Dex: 29    Spells: 8/24 levels left

rFire   . . .        b - +6 quick blade (drain)
rCold   + + +        J - +0 buckler
rNeg    + . .        w - +1 leather armour of Zeiffos {rC+++ Int-3 Slay+6}
rPois   +            (no helmet)
rElec   .            k - +0 cloak
rCorr   +            E - +1 pair of gloves
SInv    .            O - +2 pair of boots of the Curious Portals {rPois rN+ rCorr}
Will    .....        (no amulet)
Stlth   +++++++      m - +4 ring of protection
HPRegen 0.34/turn    B - +6 ring of dexterity
MPRegen 0.18/turn

%: no passive effects
@: weak-willed, marked, jinxed
A: small, no large weapons, nightstalker 3
a: Renounce Religion, Heroism, Finesse, Duel, Receive Armour


You were on level 11 of the Dungeon.
You worshipped Okawaru.
Okawaru was exalted by your worship.
You visited 3 branches of the dungeon, and saw 17 of its levels.
You also visited: Sewer, Ossuary and Ice Cave.

You collected 1465 gold pieces.
You spent 513 gold pieces at shops.

Inventory:

Hand Weapons
 b - a +6 quick blade of draining (weapon)
 c - the +7 long sword of Cataclysm {freeze, +Blink rPois rCorr Str+4}
   (You took it off a wight on level 7 of the Dungeon)

   Str+4:     It affects your strength (+4).
   rPois:     It protects you from poison +Blink: It lets you blink.
   rCorr:     It protects you from acid and corrosion.
 y - a +1 sling
 A - a +0 dagger of freezing
 K - the +8 long sword of Crawling {freeze, Fly rF+ Dex-2}
   (You took it off an orc on level 10 of the Dungeon)

   Dex-2:     It affects your dexterity (-2).
   rF+:       It protects you from fire.
   Fly:       It grants you flight.
 N - a +4 rapier of draining
 X - a +0 orcbow of draining
Missiles
 d - 9 atropa-tipped darts
 q - a dart of dispersal
 S - 2 curare-tipped darts
 V - 4 throwing nets
 Z - 2 datura-tipped darts
Armour
 k - a +0 cloak (worn)
 w - the +1 leather armour of Zeiffos (worn) {rC+++ Int-3 Slay+6}
   (You found it on level 6 of the Dungeon)

   Int-3:     It affects your intelligence (-3).
   Slay+6:    It affects your accuracy & damage with ranged weapons and melee
   (+6).
   rC+++:     It renders you almost immune to cold.
 E - a +1 pair of gloves (worn)
 J - a +0 buckler (worn)
 O - the +2 pair of boots of the Curious Portals (worn) {rPois rN+ rCorr}
   (You bought it in a shop on level 6 of the Dungeon)

   rPois:     It protects you from poison rN+: It protects you from negative
   energy.
   rCorr:     It protects you from acid and corrosion.
Jewellery
 a - the ring of Dour {rPois rCorr Dex+3}
   (You found it in an ice cave)

   [ring of resist corrosion]

   Dex+3:     It affects your dexterity (+3).
   rPois:     It protects you from poison rCorr: It protects you from acid and
   corrosion.
 g - a ring of ice
 m - a +4 ring of protection (left hand)
 t - a +4 ring of protection
 B - a +6 ring of dexterity (right hand)
Wands
 j - a wand of mindburst (14)
 C - a wand of flame (21)
 W - a wand of iceblast (3)
Scrolls
 h - 5 scrolls of amnesia
 i - 2 scrolls of immolation
 l - 11 scrolls of teleportation
 s - a scroll of noise {unknown}
 z - a scroll of acquirement {unknown}
 D - 3 scrolls of fog
 F - 4 scrolls of vulnerability
 G - a scroll of silence
 H - 3 scrolls of revelation
 I - 2 scrolls of poison
 R - a scroll of brand weapon {unknown}
 T - 3 scrolls of fear {unknown}
Potions
 e - 5 potions of mutation
 f - a potion of magic
 n - 3 potions of might
 o - 4 potions of brilliance
 p - 2 potions of haste
 r - 6 potions of curing
 u - 2 potions of heal wounds
 v - 4 potions of attraction
 x - 3 potions of invisibility
 L - 5 potions of resistance {unknown}
 M - 2 potions of cancellation {unknown}
 P - a potion of degeneration {unknown}
 Q - a potion of lignification {unknown}
 U - 2 potions of berserk rage
 Y - 2 potions of enlightenment


   Skills:
 + Level 8.2 Fighting
 + Level 12.0(15.3) Short Blades
 + Level 10.2(11.3) Long Blades
 + Level 5.8 Ranged Weapons
 + Level 4.8 Armour
 + Level 10.1 Dodging
 + Level 12.4 Stealth
 + Level 1.0 Shields
 + Level 5.1 Spellcasting
 + Level 9.5 Hexes
 - Level 4.0 Translocations
 + Level 1.1 Fire Magic
 * Level 10.3 Invocations
 - Level 4.0 Evocations


You had 8 spell levels left.
You knew the following spells:

 Your Spells              Type           Power      Damage    Failure   Level
a - Jinxbite              Hex            46%        N/A       1%          2
b - Ensorcelled Hibernat  Hex/Ice        26%        N/A       10%         2
c - Inner Flame           Hex/Fire       14%        N/A       16%         3
d - Cause Fear            Hex            11%        N/A       10%         4
e - Sigil of Binding      Hex            23%        N/A       2%          3
f - Blink                 Tloc           22%        N/A       14%         2

Your spell library contained the following spells:

 Spells                   Type           Power      Damage    Failure   Level
 Dimensional Bullseye     Hex/Tloc       8%         N/A       28%         4
 Foxfire                  Conj/Fire      16%        2x1d4     36%         1
 Freeze                   Ice            8%         1d3       43%         1
 Magic Dart               Conj           8%         1d3       43%         1
 Shock                    Conj/Air       8%         1d3       43%         1
 Mercury Vapours          Alch/Air       4%         N/A       56%         2
 Static Discharge         Conj/Air       4%         3-4/arc   56%         2
 Sublimation of Blood     Necr           2%         N/A       56%         2
 Manifold Assault         Tloc           11%        N/A       65%         4
 Frozen Ramparts          Ice            4%         1d1       80%         3
 Hailstorm                Conj/Ice       2%         3d5       80%         3
 Mephitic Cloud           Conj/Alch/Air  2%         N/A       80%         3
 Ozocubu's Armour         Ice            2%         N/A       80%         3
 Passwall                 Erth           2%         N/A       80%         3
 Swiftness                Air            2%         N/A       80%         3
 Sticky Flame             Fire/Alch      4%         2d4       98%         4
 Airstrike                Air            1%         2d(1-17)  99%         4
 Petrify                  Alch/Erth      2%         N/A       99%         4
 Freezing Cloud           Conj/Ice/Air   1%         6-21      100%        5
 Irradiate                Conj/Alch      1%         3d12      100%        5
 Dispersal                Tloc           5%         N/A       100%        6
 Plasma Beam              Fire/Air       2%         2x1d12    100%        6
 Starburst                Conj/Fire      2%         6d3       100%        6
 Orb of Destruction       Conj           1%         9d5       100%        7
 Disjunction              Tloc           5%         N/A       100%        8
 Call Imp                 Summ           Unusable   N/A       N/A         2
 Summon Ice Beast         Ice/Summ       Unusable   N/A       N/A         3
 Summon Blazeheart Golem  Fire/Summ      Unusable   N/A       N/A         4
 Summon Lightning Spire   Summ/Air       Unusable   N/A       N/A         4
 Spellforged Servitor     Conj/Summ      Unusable   N/A       N/A         7

Dungeon Overview and Level Annotations

Branches:
Dungeon (11/15)            Temple (1/1) D:5            Lair (5/5) D:10
  Swamp (0/4) Lair:3        Snake (0/4) Lair:3        Slime (0/5) Lair:4
    Orc (0/2) D:11          Sewer (visited)         Ossuary (visited)
  IceCv (visited)

Altars:
Ashenzari
Cheibriados
Dithmenos
Elyvilon
Fedhas
Gozag
Hepliaklqana
Kikubaaqudgha
Makhleb
Nemelex Xobeh
Okawaru
Qazlal
Ru
Sif Muna
Trog
Uskayaw
Vehumet
Wu Jian
Xom
Yredelemnul
Zin
The Shining One

Shops:
D:6 *


Innate Abilities, Weirdness & Mutations

You are small and have problems with some larger weapons.
You are completely attuned to the shadows.


Message History

Your surroundings suddenly seem different.
You start resting.
The sprites lose interest in your situation.
You start resting.
Magic restored.
You start resting.
You feel your willpower return.
You start resting.
A skeletal warrior is nearby!
A skeletal warrior is nearby!
Casting: Blink (safe; 14% risk of failure)
Confirm with . or Enter, or press ? or * to list all spells.
There is nobody nearby that the sprites are interested in.
Casting: Jinxbite (safe; 1% risk of failure)
Confirm with . or Enter, or press ? or * to list all spells.
Okay, then.
Aiming: Iceblast
Press: ? - help, Shift-Dir - straight line, f - skeletal warrior
Aim: a skeletal warrior, wielding a +0 halberd The mass of ice explodes!
The iceblast engulfs the skeletal warrior!
The skeletal warrior partially resists.
The skeletal warrior is lightly damaged.
The iceblast engulfs the skeletal warrior.
The skeletal warrior partially resists.
The skeletal warrior is lightly damaged.
Unknown command.
Casting: Jinxbite (safe; 1% risk of failure)
Confirm with . or Enter, or press ? or * to list all spells.
You beckon some vexing sprites to accompany your attacks.
You feel your willpower being sapped.
The skeletal warrior hits you from afar with a +0 halberd!
You block the skeletal warrior's attack.
The skeletal warrior hits you with a +0 glaive!!
* * * LOW HITPOINT WARNING * * *
You hit the skeletal warrior but do no damage.
You puncture the skeletal warrior!
The skeletal warrior is moderately damaged.
The skeletal warrior hits you with a +0 halberd!!
You die...

#.# #..'......#.....##.
#.#######..#......#.....##.
#..........#......#.....##.
#..........#...|..####'####
#.......####......'........
#.......#........z#...####.
#.#####.#.........#...# #.
#.#####.#..z......#...# #.
#.......#.@z......#...####.
#.......###########.zzz)ยง..
#.........<..[......#######
#...........<.......#......
#.#######.......[..)'......
#.#######...........#......
#...................#.....#
#...................###'###
#.........######..........#


You could see 2 skeletal warriors.

Vanquished Creatures
  Snorg (D:11)
  Harold (D:11)
  An ogre mage (D:10)
  Erolcha (D:11)
  4 hydras
  A merfolk avatar (Lair:5)
  3 boulder beetles
  4 two-headed ogres
  A centaur warrior (D:9)
  9 death yaks
  3 skysharks
  3 skeletal warriors (D:11)
  A sea snake (Lair:5)
  A harpy (Lair:5)
  A bog body (Lair:3)
  A lindwurm (Lair:3)
  A necromancer (IceCv)
  A deep elf pyromancer (D:9)
  An ugly thing (IceCv)
  A cyclops (D:9)
  Maurice (D:7)
  A manticore (D:11)
  6 black mambas
  5 elephants (Lair:5)
  An ice statue (IceCv)
  10 cane toads
  Jeremiah (D:6)
  5 rime drakes
  A freezing wraith (IceCv)
  8 komodo dragons
  5 trolls
  11 ice devils
  5 anaconda simulacra (IceCv)
  2 wind drakes (Lair:5)
  3 polar bears (Lair:5)
  3 hornets
  9 blink frogs
  Grinder (D:6)
  A snapping turtle (Lair:5)
  4 dream sheep (Lair:5)
  2 dire elephant simulacra (IceCv)
  2 shadows
  2 slime creatures
  44 yaks
  A vampire (D:9)
  A basilisk (Lair:4)
  8 wyverns
  A wraith (D:11)
  3 steam dragons
  6 death yak simulacra (IceCv)
  7 vampire mosquitoes (D:10)
  A human (D:5)
  3 harpy simulacra (IceCv)
  A naga (Lair:3)
  An acid dragon (D:10)
  2 two-headed ogre zombies (D:11)
  2 hydra simulacra (IceCv)
  Duvessa (D:7)
  8 water moccasins
  4 orc warriors
  A laughing skull (D:10)
  A sky beast (D:6)
  3 black bears
  4 wolves (Lair:2)
  A boggart (D:9)
  4 centaurs
  3 kobold brigands
  A phantom (D:7)
  12 bullfrogs
  3 gnoll sergeants
  A scorpion (D:5)
  5 cane toad simulacra (IceCv)
  A two-headed ogre simulacrum (IceCv)
  11 wights
  Dowan (D:7)
  3 elephant simulacra (IceCv)
  7 killer bees
  6 howler monkeys
  4 electric eels (Lair:3)
  10 orc priests
  3 bombardier beetles (D:6)
  5 hounds
  2 gnoll boudas
  8 jellies
  5 iguanas
  2 sleepcaps (D:6)
  8 orc wizards
  A troll simulacrum (IceCv)
  2 hell rats (D:7)
  4 polar bear simulacra (IceCv)
  2 wolf simulacra (IceCv)
  6 ogre zombies (D:11)
  8 mummies (Ossuary)
  18 gnolls
  10 adders
  2 naga simulacra (IceCv)
  10 river rats
  3 shadow imps
  4 white imps
  3 ufetubi
  5 ribbon worms
  5 dart slugs
  33 orcs
  6 bats
  15 endoplasms
  5 giant cockroaches
  3 gnoll zombies
  5 goblins (D:1)
  5 hobgoblins
  8 jackals
  11 quokkas
  6 ball pythons
  5 frilled lizards
  5 gnoll skeletons (D:11)
  A goblin skeleton (D:5)
  4 hobgoblin zombies (Ossuary)
  17 kobolds
  A kobold skeleton (D:5)
  2 kobold zombies (Ossuary)
  An orc skeleton (D:11)
  18 orc zombies
  25 rats
597 creatures vanquished.

Notes
Turn   | Place    | Note
-------+----------+-------------------------------------------
     0 | D:1      | Minsecho the Kobold Hexslinger began the quest for the Orb.
     0 | D:1      | Reached XP level 1. HP: 12/12 MP: 2/2
    50 | D:1      | Reached XP level 2. HP: 2/16 MP: 3/3
   213 | D:1      | Learned a level 2 spell: Jinxbite
   288 | D:1      | Reached XP level 3. HP: 20/20 MP: 4/4
  1127 | D:2      | Reached XP level 4. HP: 25/26 MP: 5/5
  1166 | D:2      | Found a sparkling altar of Nemelex Xobeh.
  1571 | D:2      | Reached skill level 1 in Short Blades
  1678 | D:2      | Learned a level 2 spell: Ensorcelled Hibernation
  1793 | D:2      | Identified the +0 ring mail of Ceal {^Contam Regen+ Int+6}
  2024 | D:4      | Reached skill level 5 in Ranged Weapons
  2147 | D:4      | Reached XP level 5. HP: 30/30 MP: 6/6
  2174 | D:4      | Found a glowing drain.
  2198 | Sewer    | Entered a sewer
  2466 | Sewer    | Reached XP level 6. HP: 27/35 MP: 7/7
  2530 | Sewer    | Found a shimmering altar of Xom.
  2572 | Sewer    | Identified the +6 tower shield of Sihu {Dex+4 Stlth+}
  2626 | Sewer    | Reached skill level 1 in Stealth
  3399 | D:5      | Entered Level 5 of the Dungeon
  3635 | D:5      | Found a runed translucent door.
  3635 | D:5      | Noticed a human
  3638 | D:5      | Found a basalt altar of Yredelemnul.
  3693 | D:5      | Found a staircase to the Ecumenical Temple.
  3699 | Temple   | Found a transporter.
  3699 | Temple   | Found a transporter.
  3699 | Temple   | Found a transporter.
  3699 | Temple   | Found a transporter.
  3699 | Temple   | Entered the Ecumenical Temple
  3755 | Temple   | Became a worshipper of Warmaster Okawaru
  3796 | D:5      | Killed a human
  4002 | D:5      | Reached skill level 1 in Armour
  4170 | D:5      | Reached XP level 7. HP: 40/40 MP: 9/9
  4230 | D:5      | Found a stormy altar of Qazlal.
  4230 | D:5      | Found a glowing golden altar of the Shining One.
  4548 | D:6      | Found Idiatith's General Store.
  4577 | D:6      | Reached * piety under Okawaru
  4615 | D:6      | You fall into a shaft and drop 3 floors!
  5033 | D:9      | Noticed a two-headed ogre
  5133 | D:8      | Reached skill level 5 in Short Blades
  5133 | D:8      | Reached XP level 8. HP: 43/45 MP: 10/10
  5238 | D:8      | Reached skill level 5 in Stealth
  5242 | D:8      | Noticed a yak
  5248 | D:8      | Noticed a yak
  5498 | D:7      | Found a sand-covered staircase.
  5506 | Ossuary  | Entered an ossuary
  5538 | Ossuary  | Reached ** piety under Okawaru
  6071 | D:8      | Noticed a yak
  6085 | D:7      | Killed a yak
  6086 | D:7      | Reached XP level 9. HP: 32/51 MP: 7/13
  6527 | D:8      | Reached *** piety under Okawaru
  6528 | D:8      | Reached skill level 1 in Invocations
  6601 | D:7      | Reached skill level 5 in Hexes
  6658 | D:7      | Noticed Maurice
  6662 | D:7      | Maurice stole a +1 sling
  6700 | D:7      | Something stole a ring of ice
  7069 | D:7      | Identified the +7 long sword of Cataclysm {freeze, +Blink
                  | rPois rCorr Str+4}
  7075 | D:7      | Learned a level 3 spell: Inner Flame
  7400 | D:6      | Found an ornate altar of the Wu Jian Council.
  7610 | D:6      | Identified the +1 leather armour of Zeiffos {rC+++ Int-3
                  | Slay+6}
  7709 | D:6      | Noticed Jeremiah
  7719 | D:6      | Killed Jeremiah
  7720 | D:6      | Reached skill level 5 in Dodging
  7720 | D:6      | Reached XP level 10. HP: 56/56 MP: 11/14
  8076 | D:6      | Bought the +2 pair of boots of the Curious Portals {rPois
                  | rN+ rCorr} for 461 gold pieces
  8076 | D:6      | Bought a potion of might for 52 gold pieces
  8241 | D:7      | Maurice stole 6 atropa-tipped darts
  8249 | D:7      | Killed Maurice
  8249 | D:7      | Reached **** piety under Okawaru
  8393 | D:7      | Noticed Dowan
  8394 | D:7      | Noticed Duvessa
  8396 | D:7      | Killed Dowan
  8406 | D:7      | Killed Duvessa
  8596 | D:7      | Reached skill level 1 in Evocations
  8838 | D:7      | Reached skill level 1 in Long Blades
  9224 | D:6      | Noticed Grinder
  9234 | D:6      | Killed Grinder
  9968 | D:9      | Reached ***** piety under Okawaru
  9969 | D:9      | Reached XP level 11. HP: 53/62 MP: 16/16
 10059 | D:9      | Noticed a boulder beetle
 10064 | D:9      | Noticed a cyclops
 10078 | D:9      | Killed a cyclops
 10079 | D:9      | Killed a boulder beetle
 10079 | D:9      | Received a gift from Okawaru
 10080 | D:9      | Reached skill level 5 in Invocations
 10549 | D:9      | Noticed a centaur warrior
 10558 | D:9      | Noticed a deep elf pyromancer
 10565 | D:9      | Killed a two-headed ogre
 10575 | D:9      | Killed a centaur warrior
 10576 | D:9      | Reached skill level 5 in Long Blades
 10633 | D:9      | Killed a deep elf pyromancer
 10634 | D:9      | Reached skill level 5 in Fighting
 11133 | D:10     | Entered Level 10 of the Dungeon
 11133 | D:10     | Found a staircase to the Lair.
 11235 | D:10     | Received a gift from Okawaru
 11236 | D:10     | Noticed a two-headed ogre
 11239 | D:10     | Noticed an ogre mage
 11244 | D:10     | Killed a two-headed ogre
 11245 | D:10     | Noticed a seven-headed hydra
 11266 | Lair:1   | Entered Level 1 of the Lair of Beasts
 11517 | Lair:1   | Reached XP level 12. HP: 68/68 MP: 14/17
 11568 | Lair:1   | Noticed a boulder beetle
 11584 | Lair:1   | Killed a boulder beetle
 12815 | Lair:2   | Received a gift from Okawaru
 14634 | Lair:3   | Reached XP level 13. HP: 74/74 MP: 19/19
 15265 | Lair:3   | Received a gift from Okawaru
 15334 | Lair:3   | Found a staircase to the Snake Pit.
 15536 | Lair:3   | Found a staircase to the Swamp.
 15688 | Lair:4   | Noticed a four-headed hydra
 15693 | Lair:4   | Killed a four-headed hydra
 15694 | Lair:4   | Reached skill level 10 in Stealth
 15732 | Lair:4   | Noticed a seven-headed hydra
 15733 | Lair:4   | Noticed a seven-headed hydra
 16113 | Lair:4   | Found a staircase to the Slime Pits.
 16136 | Lair:4   | Killed a seven-headed hydra
 16136 | Lair:4   | Received a gift from Okawaru
 16177 | Lair:4   | Killed a seven-headed hydra
 16187 | Lair:4   | Reached ****** piety under Okawaru
 16563 | Lair:4   | Acquired a +3 quick blade of draining
 16563 | Lair:4   | Received a gift from Okawaru
 16877 | Lair:5   | Entered Level 5 of the Lair of Beasts
 17034 | Lair:5   | Received a gift from Okawaru
 17287 | Lair:5   | Learned a level 4 spell: Cause Fear
 17291 | Lair:5   | Learned a level 3 spell: Sigil of Binding
 17294 | Lair:5   | Learned a level 2 spell: Blink
 17311 | Lair:5   | Reached XP level 14. HP: 75/82 MP: 18/20
 17333 | Lair:5   | Reached skill level 1 in Translocations
 17605 | Lair:5   | Got the Quarto of the Amorphous Iceberg
 17729 | Lair:5   | Reached skill level 10 in Long Blades
 17915 | Lair:1   | Received a gift from Okawaru
 18184 | D:10     | Found a glowing silver altar of Zin.
 18190 | D:10     | Identified the +8 long sword of Crawling {freeze, Fly rF+
                  | Dex-2}
 18499 | D:10     | Found a shimmering blue altar of Sif Muna.
 18504 | D:10     | Found a shimmering altar of Xom.
 19140 | D:11     | Found a frozen archway.
 19158 | IceCv    | Entered an ice cave
 19298 | IceCv    | Received a gift from Okawaru
 19444 | IceCv    | Identified the ring of Dour {rPois rCorr Dex+3}
 19723 | IceCv    | Found an ancient bone altar of Kikubaaqudgha.
 19730 | IceCv    | Received a gift from Okawaru
 19911 | IceCv    | Reached skill level 10 in Short Blades
 20283 | D:11     | Noticed Snorg
 20286 | D:11     | Killed Snorg
 20323 | D:11     | Noticed Erolcha
 20327 | D:11     | Killed Erolcha
 20430 | D:11     | Found a staircase to the Orcish Mines.
 21010 | Lair:5   | Reached XP level 15. HP: 66/88 MP: 22/22
 21015 | Lair:5   | Received a gift from Okawaru
 21726 | Lair:5   | Identified the +6 war axe "Mocemoil" {flame, rElec rN+
                  | Will-}
 21878 | Lair:5   | Reached skill level 10 in Invocations
 22072 | Lair:5   | Reached skill level 10 in Dodging
 22703 | D:11     | Reached skill level 5 in Spellcasting
 22712 | D:11     | Received a gift from Okawaru
 22789 | D:11     | Reached skill level 1 in Shields
 22925 | D:11     | Noticed Harold
 22941 | D:11     | Killed Harold
 23067 | D:11     | Mangled by a skeletal warrior

Illustrated notes

Levels and vault maps discovered:
D:1:      dpeg_arrival_arbitrary_a, layout_basic
D:2:      layout_loops_ring, basic_altar
D:3:      layout_basic, chequers_ecumenical_altar_island, kennysheep_boxes,
          uniq_ijyb, uniq_robin
D:4:      layout_loops_cross, gup_sewer_entry_glass
D:5:      layout_loops_ring, dk_yredelemnul_ordeal,
          gammafunk_temple_overflow_pools, minmay_temple_entry_grid
D:6:      minmay_bubble_buster, layout_basic, mainiacjoe_overflow_chevrons,
          serial_shops, nicolae_shop_stone, minmay_between, uniq_grinder,
          uniq_jeremiah
D:7:      lemuel_ratsnest, layout_basic, mainiacjoe_ossuary_entry_dusty_tomb,
          chequers_serial_rivers_micro_e, chequers_serial_rivers_micro_d,
          uniq_maurice, uniq_duvessa
D:8:      layout_loops_ring, enter_bailey_8
D:9:      nzn_winding_woodlands_large [nzn_winding_woodlands_5x5_closed_star,
          nzn_winding_woodlands_5x15_twine, nzn_winding_woodlands_5x5_three,
          nzn_winding_woodlands_center_diamonds,
          nzn_winding_woodlands_15x15_eel_pit,
          nzn_winding_woodlands_center_triple_pond,
          nzn_winding_woodlands_5x5_open_star,
          nzn_winding_woodlands_5x15_default,
          nzn_winding_woodlands_5x5_default], layout_basic, nzn_life_drinkers
D:10:     layout_layer_cave, grunt_temple_overflow_open, lair_entry_dummy,
          minivault_25_ag, minivault_1, minmay_bent
D:11:     layout_stronghold, zombieorc2_lemuel, portal_ice_cave_demonic_guard,
          uniq_snorg, uniq_erolcha, uniq_harold
Temple:   hellmonk_temple_divided_pantheon
Lair:1:   layout_cave_pods
Lair:2:   layout_chaotic_city
Lair:3:   layout_regular_city, nicolae_swamp_entry_splash_gauntlet,
          guppyfry_snake_entry_island, lemuel_fruit_fields,
          serial_bayou_shore_a, lemuel_fruit_tree
Lair:4:   layout_hall_layers, minmay_slime_entry_pillars
Lair:5:   gammafunk_lair_ancient_temple, layout_cave_pods

Skill      XL: |  1  2  3  4  5  6  7  8  9 10 11 12 13 14 15 |
---------------+----------------------------------------------+-----
Ranged Weapons | 3 4 5 |  5.8
Short Blades   | 1 2 3 5 6 8 9 10 12 | 12.0
Fighting       | 2 3 4 5 6 7 8 |  8.2
Dodging        | 3 4 5 6 7 8 9 10 | 10.1
Stealth        | 2 4 5 6 7 9 10 12 | 12.4
Armour         | 1 2 3 4 |  4.8
Spellcasting   | 2 3 4 5 |  5.1
Hexes          | 4 5 6 7 8 9 |  9.5
Invocations    | 2 4 5 7 8 9 10 | 10.3
Evocations     | 1 4 |  4.0
Long Blades    | 3 5 7 9 10 | 10.2
Translocations | 3 4 |  4.0
Shields        | 1 |  1.0
Fire Magic     | |  1.1

Action                     |  1- 3 |  4- 6 |  7- 9 | 10-12 | 13-15 || total
---------------------------+-------+-------+-------+-------+-------++-------
  Melee: Dagger            |       |   164 |   456 |    71 |    18 ||   709
         Punch             |       |     4 |    11 |     7 |    29 ||    51
         Long sword        |       |       |       |   414 |   276 ||   690
         Quick blade       |       |       |       |       |   905 ||   905
   Fire: Sling             |   114 |    77 |       |       |       ||   191
   Cast: Jinxbite          |       |     9 |    16 |    18 |    25 ||    68
         Inner Flame       |       |       |       |       |     3 ||     3
         Blink             |       |       |       |       |     4 ||     4
 Invoke: Heroism           |       |       |     4 |     2 |     2 ||     8
         Receive Weapon    |       |       |       |       |     1 ||     1
Ability: Evoke Blink       |       |       |       |     4 |     3 ||     7
  Evoke: Wand              |       |       |     1 |     4 |    18 ||    23
    Use: Scroll            |       |     3 |     8 |    10 |     6 ||    27
         Potion            |       |     1 |     5 |     4 |     9 ||    19
   Stab: Sleeping          |       |    10 |     8 |    30 |    28 ||    76
         Distracted        |       |       |     1 |     1 |    10 ||    12
 Armour: Robe              |    23 |       |       |       |       ||    23
         Leather armour    |    16 |    74 |       |   232 |   360 ||   682
         Ring mail         |       |    14 |   135 |       |       ||   149
         Steam dragon scal |       |       |    77 |       |       ||    77
  Dodge: Dodged            |    61 |   113 |   241 |   418 |   593 ||  1426
  Block: Buckler           |       |       |       |       |    19 ||    19
